Map: [ESL] Site Delta

Players

Oliveira - Winner!

  • Race: Terran Terran
  • Spawn Location: 5:00

Stats

  • Race: Protoss Protoss
  • Spawn Location: 11:00

Event: IEM Katowice 2024

VOD

Have the link to the VOD?

Description

Time

  • Played on: Feb. 8, 2024, 7:31 a.m.
  • Length: 12:09

All games in this series

Show
View Real Time Build Order
Export as new Build Order

Oliveira Terran - Winner!

Build Orders: Reaper Expand 

Get SALT Encoding   

  12  0:00  SCV  
  13  0:12  SCV  
  14  0:17  Supply Depot  
  14  0:25  SCV  
  15  0:39  SCV  
  15  0:40  Barracks  
  16  0:44  Refinery  
  16  0:51  SCV  
  17  1:03  SCV  
  18  1:15  SCV  
  19  1:27  Orbital Command, Reaper  
  20  1:42  Command Center  
  20  1:51  Supply Depot  
  20  1:53  SCV  
  21  1:59  Marine  
  22  2:05  SCV  
  23  2:09  Factory  
  23  2:17  SCV  
  23  2:18  Refinery  
  23  2:21  Barracks Reactor  
  25  2:30  SCV  
  25  2:42  SCV  
  26  2:54  SCV, Starport  
  26  2:55  Barracks, Orbital Command  
  26  2:57  Widow Mine  
  29  3:02  Marine x2  
  29  3:03  Orbital Command  
  31  3:06  SCV  
  32  3:19  Marine x2  
  32  3:20  Widow Mine  
  32  3:21  SCV  
  32  3:26  Supply Depot  
  37  3:28  SCV  
  37  3:32  Medivac  
  37  3:33  SCV  
  41  3:37  Marine  
  41  3:38  Marine  
  41  3:40  SCV  
  44  3:43  Barracks Tech Lab, Factory Tech Lab  
  44  3:45  SCV  
  45  3:52  SCV, Supply Depot  
  45  3:55  Marine  
  47  3:56  Marine  
  47  3:57  SCV  
  49  4:04  Barracks, SCV  
  49  4:06  Stimpack  
  51  4:10  Bunker, SCV  
  51  4:11  Marine  
  51  4:13  Marine  
  54  4:17  SCV  
  54  4:19  Engineering Bay  
  54  4:23  Supply Depot  
  54  4:26  SCV  
  54  4:29  Marine, SCV  
  57  4:33  Marauder  
  57  4:37  Marine  
  61  4:38  SCV  
  61  4:41  Factory Reactor, SCV  
  61  4:42  Starport Reactor, Refinery  
  62  4:47  Terran Infantry Weapons Level 1  
  62  4:50  SCV, Supply Depot  
  62  4:51  Marine  
  64  4:54  SCV  
  64  4:55  Combat Shield  
  64  4:56  Marine  
  66  5:00  Marauder  
  66  5:03  SCV  
  66  5:04  Refinery  
  69  5:08  Supply Depot  
  69  5:10  SCV  
  69  5:11  Marauder, Marine  
  69  5:14  Marine  
  73  5:15  Supply Depot  
  73  5:17  SCV  
  73  5:19  Widow Mine  
  77  5:24  SCV  
  77  5:27  Supply Depot  
  78  5:30  Marauder, Widow Mine, SCV, Marine  
  78  5:33  Medivac  
  86  5:36  Medivac  
  86  5:39  Marauder  
  86  5:40  Widow Mine  
  92  5:44  SCV x2  
  92  5:46  Concussive Shells  
  92  5:47  Supply Depot  
  92  5:48  Marine  
  95  5:50  Marine  
  96  5:59  Armory  
  96  6:00  Marauder  
  96  6:03  Widow Mine x2  
  101  6:08  Medivac, Supply Depot  
  103  6:14  Marine  
  103  6:15  Marauder  
  105  6:19  Marine  
  105  6:22  Marauder  
  105  6:24  Medivac  
  105  6:25  Supply Depot  
  110  6:29  Widow Mine x2  
  110  6:32  Marine  
  115  6:39  Supply Depot  
  115  6:40  Command Center, Marine  
  115  6:43  Medivac  
  118  6:47  Marine  
  118  6:48  Supply Depot  
  118  6:51  Marine  
  118  6:52  Marauder  
  118  6:57  Widow Mine  
  118  6:58  Widow Mine  
  118  7:01  Medivac  
  124  7:03  SCV x2  
  124  7:06  Terran Infantry Armor Level 1  
  125  7:10  Marine  
  125  7:13  Marine  
  125  7:14  Marauder  
  129  7:17  Viking  
  129  7:18  SCV  
  129  7:22  Marauder  
  130  7:32  Marine  
  130  7:34  Barracks  
  130  7:35  Barracks  
  129  7:40  Marauder, Marine  
  129  7:43  Marine  
  121  7:50  Marine  
  110  7:52  Medivac x2  
  110  7:57  Marine  
  110  7:59  Widow Mine x2  
  110  8:01  Marauder  
  110  8:09  Marine  
  110  8:10  Marauder  
  104  8:15  Marine  
  98  8:22  Marine  
  100  8:27  Barracks Reactor, Widow Mine x2  
  100  8:28  Barracks Tech Lab  
  100  8:29  Marine  
  100  8:32  SCV x2  
  100  8:35  Marauder, Marine, Ghost Academy  
  103  8:42  Missile Turret, Medivac  
  103  8:43  Medivac  
  111  8:49  SCV x2  
  111  8:50  Refinery  
  111  8:51  Orbital Command  
  111  8:54  Marine x2  
  111  8:55  Widow Mine, Refinery  
  119  8:56  Widow Mine  
  119  9:01  SCV x2  
  121  9:05  Ghost x3  
  121  9:08  Engineering Bay  
  123  9:13  Terran Infantry Weapons Level 2, SCV x2  
  123  9:15  Marine x2  
  126  9:17  SCV  
  126  9:18  Marine x2  
  126  9:20  Missile Turret  
  126  9:23  Viking  
  131  9:24  Supply Depot  
  131  9:25  SCV x2  
  131  9:27  Viking  
  136  9:31  SCV  
  136  9:34  Marauder  
  136  9:36  Marauder x2  
  136  9:37  SCV  
  143  9:40  Terran Infantry Armor Level 2  
  143  9:48  Marine x2  
  143  9:49  Marine x2  
  146  9:56  Marauder  
  146  9:57  Marauder  
  146  9:58  Command Center  
  147  10:01  Viking x2  
  147  10:03  Widow Mine  
  147  10:04  Widow Mine  
  153  10:18  Marauder  
  155  10:23  Supply Depot  
  155  10:25  Ghost  
  155  10:26  Ghost  
  155  10:27  Barracks x3  
  159  10:30  Marine x2  
  159  10:31  Viking, Marine  
  159  10:33  Supply Depot  
  164  10:36  Supply Depot  
  164  10:39  Viking  
  164  10:40  SCV x3  
  167  10:44  Marauder  
  169  10:52  SCV x2  
  169  10:56  Sensor Tower  
  175  10:57  Widow Mine x2  
  175  10:59  Marauder x2  
  179  11:05  Marine x2  
  179  11:07  Marine  
  182  11:11  Viking  
  166  11:33  Ghost  
  166  11:35  Ghost  
  166  11:36  Marine x2  
  166  11:37  Marauder  
  148  11:42  SCV x2  
  143  11:50  Marine x2  
  133  11:54  SCV  
  133  11:55  Barracks Reactor  
Show
View Real Time Build Order
Export as new Build Order

Stats Protoss 

Build Orders: 1 Gate Expand, Blink Stalkers 

Get SALT Encoding   

  12  0:00  Probe  
  13  0:12  Probe  
  14  0:18  Pylon  
  14  0:24  Probe (Chrono Boost)  
  15  0:36  Gateway, Probe (Chrono Boost)  
  16  0:44  Probe (Chrono Boost)  
  16  0:45  Assimilator  
  17  0:50  Probe  
  18  1:03  Probe  
  19  1:19  Nexus  
  19  1:28  Cybernetics Core  
  19  1:31  Probe  
  20  1:36  Assimilator  
  20  1:43  Probe  
  21  1:50  Pylon  
  21  1:55  Probe (Chrono Boost)  
  22  2:05  Stalker (Chrono Boost)  
  22  2:07  Probe (Chrono Boost)  
  25  2:11  Warp Gate  
  25  2:15  Probe (Chrono Boost)  
  26  2:22  Probe (Chrono Boost)  
  26  2:27  Stalker  
  29  2:32  Probe (Chrono Boost)  
  31  2:40  Twilight Council, Probe (Chrono Boost)  
  31  2:42  Probe (Chrono Boost)  
  32  2:46  Probe (Chrono Boost)  
  32  2:48  Probe  
  34  2:57  Stalker  
  34  2:58  Probe  
  37  3:00  Probe  
  37  3:04  Gateway  
  38  3:09  Blink (Chrono Boost)  
  38  3:10  Probe  
  38  3:12  Probe  
  40  3:19  Pylon  
  40  3:22  Probe  
  40  3:24  Probe  
  42  3:34  Probe  
  42  3:35  Robotics Facility  
  42  3:36  Probe  
  44  3:52  Nexus, Probe x2  
  46  3:55  Pylon  
  46  3:59  Stalker  
  46  4:02  Stalker  
  50  4:07  Probe x2  
  50  4:09  Pylon  
  52  4:11  Assimilator  
  52  4:15  Assimilator  
  52  4:19  Probe x2  
  52  4:23  Observer  
  55  4:26  Forge  
  55  4:30  Stalker x2  
  59  4:32  Probe  
  59  4:33  Probe  
  61  4:44  Probe  
  62  4:46  Charge (Chrono Boost)  
  62  4:48  Probe  
  62  4:50  Shield Battery  
  63  4:55  Stalker  
  63  4:56  Stalker  
  63  4:58  Probe  
  63  4:59  Protoss Ground Weapons Level 1 (Chrono Boost), Shield Battery  
  68  5:00  Probe  
  68  5:04  Probe  
  70  5:10  Gateway  
  70  5:11  Gateway  
  70  5:15  Probe x2  
  70  5:16  Probe  
  73  5:22  Pylon  
  73  5:27  Probe x2  
  75  5:28  Probe  
  75  5:29  Sentry, Stalker  
  80  5:36  Gateway  
  80  5:38  Gateway  
  80  5:40  Gateway  
  80  5:41  Gateway  
  80  5:46  Photon Cannon  
  80  5:51  Observer  
  80  5:53  Stalker x2  
  85  6:02  Probe x2  
  85  6:03  Probe  
  85  6:04  Pylon  
  88  6:05  Pylon  
  88  6:07  Pylon  
  88  6:10  Photon Cannon  
  88  6:13  Pylon  
  87  6:21  Stalker x3  
  87  6:24  Warp Prism (Chrono Boost), Stalker  
  97  6:38  Zealot x2  
  97  6:39  Zealot x2  
  105  6:43  Probe x3  
  105  6:44  Robotics Bay  
  108  6:48  Photon Cannon  
  108  6:53  Protoss Ground Weapons Level 2 (Chrono Boost)  
  108  6:57  Stalker x4  
  113  7:11  Assimilator  
  113  7:12  Zealot x4  
  121  7:17  Assimilator  
  121  7:18  Probe x2  
  121  7:20  Pylon  
  121  7:21  Pylon  
  121  7:22  Probe  
  124  7:25  Observer  
  117  7:39  Zealot x5  
  117  7:41  Zealot x3  
  111  7:50  Colossus (Chrono Boost)  
  87  8:00  Stalker  
  87  8:01  Stalker x3  
  87  8:02  Zealot x3  
  80  8:07  Probe x2  
  78  8:12  Probe  
  78  8:19  Probe x2  
  72  8:20  Stalker  
  72  8:23  Zealot x3  
  78  8:29  Zealot  
  78  8:30  Probe  
  78  8:31  Probe  
  82  8:36  Probe  
  82  8:39  Sentry x2  
  82  8:40  Sentry  
  89  8:43  Probe  
  91  8:48  Probe  
  91  8:51  Protoss Ground Armor Level 1 (Chrono Boost), Templar Archives, Colossus (Chrono Boost)  
  97  8:59  Shield Battery  
  97  9:03  Probe x3  
  100  9:11  Extended Thermal Lance  
  100  9:23  Probe x3  
  103  9:29  Zealot  
  103  9:30  Zealot x5  
  115  9:36  Psionic Storm  
  115  9:37  Observer (Chrono Boost)  
  116  9:52  High Templar x2  
  120  10:01  Zealot x6  
  120  10:03  Archon  
  126  10:22  High Templar x2  
  126  10:24  Pylon  
  126  10:26  Pylon  
  126  10:28  High Templar x2, Pylon  
  130  10:32  Nexus  
  130  10:34  Pylon  
  132  10:39  Pylon  
  132  10:48  High Templar x2  
  136  10:51  Photon Cannon  
  136  10:54  Shield Battery  
  136  10:56  Zealot x2, Photon Cannon  
  140  10:57  Zealot  
  140  10:58  Zealot  
  140  11:01  Shield Battery  
  140  11:02  Shield Battery  
  144  11:09  High Templar  
  146  11:13  Probe x3  
  146  11:15  High Templar, Assimilator  
  151  11:20  Archon, Assimilator  
  151  11:25  Probe x3  
  146  11:32  Archon  
  118  11:33  Zealot x5  
  118  11:34  Zealot, Archon  
  98  11:47  Archon, Stalker  
  93  11:48  Stalker  
  93  11:49  Probe x2  
  92  11:55  Stalker x6  

Tags
 
Add a new tag
Caveats
  • Supply blocks, unpowered buildings, or Contaminate may cause inaccurate times.
  • Supply counts are checked every 10 seconds.